 Dungeon Crawl Stone Soup version 0.31-a0-319-g4fced400ed (webtiles) character file.

Game seed: 9599137500631691456

40 kae the Changeling (level 3, -12/28 HPs)
             Began as a Demonspawn Shapeshifter on July 18, 2023.
             Mangled by an ogre
             ... wielding a +0 giant spiked club
              (23 damage)
             ... on level 2 of the Dungeon.
             The game lasted 00:01:07 (1082 turns).

kae the Changeling (Demonspawn Shapeshifter)        Turns: 1082, Time: 00:01:07

Health: -12/28     AC:  2    Str: 15    XL:     3   Next: 30%
Magic:  3/3        EV: 12    Int: 15    God:
Gold:   37         SH:  0    Dex: 15    Spells: 2/2 levels left

rFire   . .          .
                       - Unarmed
rCold   . . .        (no shield)
rNeg    . . .        a - +0 animal skin
rPois   .            (helmet currently unavailable)
rElec   .            (cloak currently unavailable)
rCorr   .            (gloves currently unavailable)
SInv    .            (boots currently unavailable)
Will    .....        (no amulet)
Stlth   +            I - +6 ring of intelligence
HPRegen 0.24/turn    (no ring)
MPRegen 0.08/turn

%: no passive effects
@: beast-form
A: beast (slay +2), claws 1, demonic guardian 1
a: Begin Untransformation


You were on level 2 of the Dungeon.
You were a hulking beast.
You visited 1 branch of the dungeon, and saw 2 of its levels.

You collected 70 gold pieces.
You spent 33 gold pieces at shops.


Innate Abilities, Weirdness & Mutations

You are a hulking beast.
Your limbs bulge with bestial killing power. (Slay +2)
You have sharp fingernails.
A weak demonic guardian rushes to your aid.


   Skills:
 + Level 2.4 Fighting
 + Level 2.2 Dodging
 + Level 2.2 Unarmed Combat
 * Level 3.1 Shapeshifting


You had 2 spell levels left.
You didn't know any spells.
Your spell library was empty.

Inventory:

Missiles
 d - 2 poisoned darts
 f - 18 stones
Armour
 a - a +0 animal skin (worn)
Jewellery
 I - a +6 ring of intelligence (left claw)
   (You found it on level 1 of the Dungeon)
Talismans
 c - a beast talisman
Potions
 b - a potion of lignification {!q}
 e - a potion of resistance
 g - 2 potions of curing {@q1}

Dungeon Overview and Level Annotations

Branches:
Dungeon (2/15) Zot: 10922

Altars:

Shops:
D:1

! ...........## #.# #.#.#
.###.##....# ###.###.#.#
.###.##..#.###.....#.#.#
.##...#......†.....#.#.#
..#...##.#5..†.......#.##
.........#.###.....###..#
.........#.###.....####.###
.............#.#O.........#
..#...##.....#.#h######.#.#
..#...#........#.# #.#.#
...#.##......###.# #.#.#
#......###.######.#.#
................##.#.#
..#.##.####..###.##.#.#
.##. #.# #.........#.# .
#.#####.###.####.#
#.......# #.# #.#


You could see an ogre.


Message History

Unknown command.
A frilled lizard is nearby!
You are too injured to fight recklessly!
You are too injured to fight recklessly!
A frilled lizard is nearby!
You are too injured to fight recklessly!
You are too injured to fight recklessly!
A frilled lizard is nearby!
You are too injured to fight recklessly!
You are too injured to fight recklessly!
Unknown command. 😮 HP[+1]
The frilled lizard unfolds its giant frill.
Unknown command.
Unknown command.
The frilled lizard completely misses you.
You scratch the frilled lizard.
You kill the frilled lizard!
Unknown command. 😮 HP[+1] Unknown command.
f - 18 stones (gained 5)
An endoplasm comes into view. 😎 HP[+10]
Your hp is fully restored (28).
Unknown command.
An endoplasm is nearby!
An endoplasm is nearby!
Unknown command.
An endoplasm is nearby!
An endoplasm is nearby!
The helpless endoplasm fails to defend itself.
You scratch the endoplasm.
You kill the endoplasm!
No target in view!
A rat comes into view.
A rat is nearby!
A rat is nearby!
The rat closely misses you.
You claw the rat!
You kill the rat!
d - 2 poisoned darts No target in view!
No target in view!
An endoplasm comes into view.
The endoplasm moves out of view.
No target in view!
No target in view!
A bat comes into view.
There are monsters nearby!
You scratch the endoplasm.
You kill the endoplasm!
A bat is nearby!
A bat is nearby!
You barely miss the bat. The bat misses you. The bat closely misses you.
A bat is nearby!
The bat closely misses you. x2
The bat hits you but does no damage.
You see here 16 gold pieces.
A bat is nearby!
You scratch the bat. The bat hits you but does no damage.
The bat closely misses you.
You now have 37 gold pieces (gained 16).
A bat is nearby!
The bat hits you. The bat barely misses you.
An ogre comes into view. It is wielding a +0 giant spiked club.
The ogre shouts!
The bat barely misses you. 😕 HP[-1]
You take 1 damage, and now have 27/28 hp.
An ogre is nearby!
You claw the ogre!
The ogre hits you with a +0 giant spiked club!!
Ouch! That really hurt!
* * * LOW HITPOINT WARNING * * *
A demonic guardian appears!
You are too injured to fight recklessly! 😱 HP[-23]
You take 23 damage, and now have 4/28 hp.
MASSIVE DAMAGE!! (PAUSE)
Okay, then.
Your shadow imp hits the ogre.
Unknown command.
Unknown command. 😱 HP[+1]
Something hits your shadow imp but does no damage.
The bat barely misses your shadow imp. 😱 HP[+1] 😱 HP[+1]
You see here a rat corpse. 😨 HP[+1]
Okay, then. 😨 HP[+1]
You see here a ball python corpse. 😨 HP[+1] 😨 HP[+1]
The ogre attacks as you move away!
The ogre hits you with a +0 giant spiked club!!
Ouch! That really hurt!
You die...

Skill      XL: |  1  2 |
---------------+-------+-----
Dodging        | 2 |  2.2
Unarmed Combat | 2 |  2.2
Shapeshifting  | 3 |  3.1
Fighting       | |  2.4

Action                     || total
---------------------------++-------
  Melee: Unarmed           ||    97
         Punch             ||     1
    Use: Scroll            ||     2
   Stab: Sleeping          ||     4
 Armour: Animal skin       ||    14
  Dodge: Dodged            ||    67

Levels and vault maps discovered:
D:1:      lemuel_arrival_hallway, layout_basic, serial_shops, shop,
          minmay_3d_cube
D:2:      layout_loops_ring, dreamdust_ecumenical_altar_hidden_monk_grotto,
          basic_altar

Notes
Turn   | Place    | Note
-------+----------+-------------------------------------------
     0 | D:1      | kae the Demonspawn Shapeshifter began the quest for the
                  | Orb.
     0 | D:1      | Reached XP level 1. HP: 16/16 MP: 1/1
     0 | D:1      | magus.rc [v1.11.3]
   177 | D:1      | Gained mutation: You have sharp fingernails. [demonic
                  | ancestry]
   177 | D:1      | Reached XP level 2. HP: 19/22 MP: 2/2
   243 | D:1      | Reached skill level 2 in Dodging
   243 | D:1      | Reached skill level 2 in Unarmed Combat
   456 | D:1      | Reached skill level 3 in Shapeshifting
   554 | D:1      | Gained mutation: A weak demonic guardian rushes to your
                  | aid. [demonic ancestry]
   554 | D:1      | Reached XP level 3. HP: 11/28 MP: 3/3
   664 | D:1      | Found Faoguuso's Distillery.
   669 | D:1      | Bought a potion of curing for 33 gold pieces
  1053 | D:2      | Noticed an ogre
  1054 | D:2      | HP: 4/28 [ogre/+0 giant spiked club (23)]
  1082 | D:2      | Mangled by an ogre

Vanquished Creatures
  A dart slug (D:1)
  6 endoplasms
  2 giant cockroaches (D:1)
  A hobgoblin (D:1)
  4 jackals (D:1)
  2 kobolds (D:1)
  3 quokkas
  5 ball pythons
  3 bats (D:1)
  A frilled lizard (D:2)
  2 goblins
  3 rats
33 creatures vanquished.

Table legend:
 A = Non-vault XP
 B = Vault XP
 C = Vault XP percentage of total XP
 D = Non-vault monster count
 E = Vault monster count
 F = Vault count percentage of total count
                 A         B        C        D         E       F
            +---------+---------+-------+---------+---------+-------
      Total |      51 |       7 |  12.1 |      29 |       4 |  12.1
            +---------+---------+-------+---------+---------+-------
        D:1 |      40 |       7 |  14.9 |      22 |       4 |  15.4
        D:2 |      11 |       0 |   0.0 |       7 |       0 |   0.0
            +---------+---------+-------+---------+---------+-------

Skill      XL: |  1  2 |
---------------+-------+-----
Dodging        | 2 |  2.2
Unarmed Combat | 2 |  2.2
Shapeshifting  | 3 |  3.1
Fighting       | |  2.4

Action                     || total
---------------------------++-------
  Melee: Unarmed           ||    97
         Punch             ||     1
    Use: Scroll            ||     2
   Stab: Sleeping          ||     4
 Armour: Animal skin       ||    14
  Dodge: Dodged            ||    67

Illustrated notes

Table legend:
 A = Kills in this place as a percentage of kills in the entire game.
 B = Kills by you in this place as a percentage of kills by you in the entire game.
 C = Kills by friends in this place as a percentage of kills by friends in the entire game.
 D = Other kills in this place as a percentage of other kills in the entire game.
 E = Experience gained in this place as a percentage of experience gained in the entire game.
 F = Experience gained in this place divided by the number of levels of this place that you have seen.
                   A       B       C       D       E      F
               +-------+-------+-------+-------+-------+----------------------
         Total | 100.0 | 100.0 |   N/A |   N/A | 100.0 |  29.0
       Dungeon | 100.0 | 100.0 |   N/A |   N/A | 100.0 |  29.0
               +-------+-------+-------+-------+-------+----------------------

Table legend: (Time is in decaauts)
 A = Elapsed time spent in this place.
 B = Non-inter-level travel time spent in this place.
 C = Inter-level travel time spent in this place.
 D = Time resting spent in this place.
 E = Time spent auto-exploring this place.
 F = Levels seen in this place.
 G = Mean time per level.
                   A        B        C        D        E       F      G
               +--------+--------+--------+--------+--------+-----+--------+
         Total |   1077 |   1067 |     10 |      6 |    822 |   2 |  538.5 |
       Dungeon |   1077 |   1067 |     10 |      6 |    822 |   2 |  538.5 |
               +--------+--------+--------+--------+--------+-----+--------+

Top non-repeatable levels by time:
     D:1: 802 daAuts
     D:2: 275 daAuts
